Map: Templo Congelado

Players

TheZergLord - Winner!

  • Race: Zerg Zerg
  • League: Master

PwTelivolts

  • Race: Terran Terran
  • League: Master

VOD

Have the link to the VOD?

Description

Time

  • Played on: May 24, 2016, 9:55 a.m.
  • Length: 11:08
Show
View Real Time Build Order
Export as new Build Order

TheZergLord Zerg - Winner!

Build Orders: Hatch First 

Get SALT Encoding   

  12  0:01  Drone  
  13  0:12  Overlord  
  13  0:18  Drone  
  14  0:31  Drone  
  14  0:32  Drone  
  14  0:34  Drone  
  17  0:52  Hatchery  
  17  0:55  Drone  
  17  1:09  Spawning Pool  
  16  1:12  Drone  
  16  1:15  Extractor  
  16  1:17  Drone  
  17  1:21  Drone  
  18  1:28  Drone  
  19  1:39  Overlord  
  19  1:56  Queen  
  19  1:57  Zergling x2  
  22  2:01  Zergling x2  
  22  2:04  Queen  
  22  2:05  Zergling x2  
  26  2:11  Drone  
  27  2:16  Metabolic Boost  
  27  2:17  Drone  
  28  2:26  Drone x2  
  30  2:32  Drone  
  30  2:36  Drone  
  32  2:44  Hatchery  
  31  2:57  Queen  
  32  2:58  Overlord  
  32  3:01  Drone x3  
  35  3:06  Drone  
  35  3:08  Overlord  
  36  3:18  Drone  
  36  3:19  Drone  
  38  3:20  Drone  
  38  3:22  Drone x3  
  38  3:23  Drone  
  43  3:31  Drone x2  
  45  3:37  Roach Warren  
  45  3:39  Extractor x2  
  42  3:48  Overlord x3  
  42  3:53  Zergling x4  
  44  4:05  Drone x5  
  44  4:07  Queen  
  51  4:11  Drone x4  
  55  4:20  Roach x2  
  55  4:22  Roach  
  61  4:29  Drone x5  
  66  4:34  Lair  
  66  4:40  Drone x3  
  69  4:49  Queen  
  71  4:55  Drone, Overlord  
  71  4:56  Drone x5  
  71  4:57  Drone  
  78  5:02  Drone, Evolution Chamber  
  78  5:04  Drone, Evolution Chamber  
  78  5:08  Drone x3  
  78  5:09  Drone  
  82  5:27  Drone  
  82  5:28  Drone x7  
  88  5:30  Zerg Ground Armor Level 1, Zerg Missile Weapons Level 1  
  88  5:32  Extractor, Glial Reconstitution  
  89  5:36  Overlord  
  89  5:38  Extractor  
  89  5:39  Extractor  
  87  5:45  Infestation Pit  
  87  5:49  Drone x4  
  87  6:05  Overlord  
  87  6:06  Overlord  
  87  6:07  Roach  
  87  6:08  Roach x4  
  97  6:12  Hatchery  
  96  6:23  Hive  
  96  6:26  Roach  
  96  6:27  Roach x4  
  106  6:33  Overlord x3  
  106  6:34  Overlord  
  106  6:52  Roach  
  106  6:53  Roach x9  
  126  6:54  Ravager  
  126  6:55  Ravager x2  
  126  6:57  Roach  
  131  7:08  Roach x3  
  137  7:11  Overlord x4, Ravager  
  137  7:12  Overlord  
  138  7:18  Roach  
  138  7:24  Queen  
  138  7:29  Zerg Ground Armor Level 2, Zerg Melee Weapons Level 1  
  140  7:33  Drone x8  
  140  7:34  Ravager x4  
  140  7:35  Ravager x2  
  152  7:46  Roach  
  152  7:47  Ultralisk Cavern, Zergling x18  
  162  7:53  Extractor  
  162  7:56  Extractor  
  160  8:02  Roach  
  160  8:03  Roach x10  
  182  8:20  Overlord x2  
  176  8:41  Chitinous Plating  
  160  8:42  Adrenal Glands  
  160  8:43  Ultralisk x2  
  172  9:01  Ultralisk x2  
  184  9:04  Queen  
  184  9:07  Drone x4  
  184  9:08  Drone, Overlord  
  184  9:09  Overlord x5  
  191  9:14  Spire  
  191  9:15  Drone  
  191  9:19  Drone  
  192  9:30  Hatchery  
  197  9:31  Ultralisk  
  197  9:34  Ravager  
  197  9:35  Ravager  
  197  9:49  Zergling x4  
  197  9:50  Zergling x6  
  193  10:17  Ultralisk  
Show
View Real Time Build Order
Export as new Build Order

PwTelivolts Terran 

Build Orders: Command Center First (CC) 

Get SALT Encoding   

  12  0:00  SCV  
  13  0:13  SCV  
  14  0:17  Supply Depot  
  14  0:25  SCV  
  15  0:39  SCV  
  16  0:51  SCV  
  17  1:03  SCV  
  18  1:10  Command Center  
  18  1:12  Refinery  
  18  1:15  SCV  
  19  1:25  Barracks  
  19  1:27  SCV  
  20  1:39  SCV  
  21  1:44  Refinery  
  21  1:51  SCV  
  23  2:13  Orbital Command  
  23  2:14  Reaper  
  23  2:24  Orbital Command  
  23  2:27  Factory  
  23  2:39  SCV  
  24  2:50  Barracks Tech Lab  
  24  2:51  SCV x2  
  26  3:03  SCV x2  
  28  3:15  SCV, Starport  
  28  3:18  Command Center  
  32  3:20  Siege Tank  
  32  3:22  SCV  
  33  3:30  Barracks Reactor  
  33  3:31  Barracks Tech Lab  
  33  3:33  SCV  
  34  3:34  SCV  
  35  3:42  Supply Depot  
  35  3:45  SCV  
  35  3:46  SCV  
  37  3:58  SCV  
  37  4:00  Supply Depot  
  38  4:04  SCV, Siege Tank, Medivac  
  45  4:13  SCV  
  45  4:16  SCV  
  46  4:22  Barracks Reactor, Supply Depot  
  46  4:26  SCV  
  46  4:27  Barracks  
  46  4:28  Barracks, SCV  
  46  4:30  Supply Depot  
  48  4:31  Refinery  
  48  4:32  Refinery  
  48  4:38  SCV  
  48  4:40  SCV, Starport Reactor, Siege Tank  
  48  4:42  Orbital Command  
  52  4:50  SCV  
  52  4:52  SCV  
  54  5:02  SCV  
  54  5:03  Supply Depot  
  54  5:05  Barracks  
  54  5:06  Barracks  
  55  5:09  SCV x2  
  55  5:12  Marine x2  
  59  5:14  SCV  
  60  5:21  SCV x2  
  60  5:22  Supply Depot  
  62  5:30  Marine x2  
  62  5:32  Barracks Reactor  
  64  5:39  SCV x3  
  67  5:44  Engineering Bay, Supply Depot x2  
  67  5:45  Engineering Bay  
  67  5:46  Marine  
  67  5:47  Siege Tank  
  67  5:48  Marine  
  72  5:51  SCV  
  72  5:56  Orbital Command, Marine  
  74  5:59  Barracks Reactor  
  74  6:00  Barracks Reactor  
  69  6:04  Marine  
  69  6:06  Marine  
  69  6:07  Medivac x2  
  69  6:10  Supply Depot  
  75  6:12  Terran Infantry Weapons Level 1  
  75  6:13  Terran Infantry Armor Level 1  
  75  6:14  Marine  
  76  6:25  SCV x3  
  79  6:34  Supply Depot  
  79  6:37  SCV x2, Medivac x2  
  79  6:38  SCV  
  79  6:39  Missile Turret  
  86  6:40  Missile Turret  
  86  6:41  Factory  
  86  6:49  SCV, Missile Turret  
  86  6:50  SCV x2  
  86  6:53  Missile Turret  
  89  6:54  Marine  
  89  6:55  Marine x3  
  89  6:57  Stimpack, Marine x2  
  95  7:01  SCV  
  95  7:02  SCV x2  
  95  7:04  Supply Depot  
  95  7:06  Marine x3  
  95  7:07  Siege Tank  
  104  7:09  Supply Depot  
  104  7:12  Armory, Marine, Supply Depot  
  104  7:14  SCV x3  
  108  7:20  Refinery  
  108  7:21  Missile Turret, Refinery  
  108  7:24  Bunker  
  108  7:26  SCV x3  
  111  7:31  Factory Reactor, Marine  
  112  7:38  SCV x2  
  112  7:41  Marine  
  112  7:42  Medivac, Marine x3  
  112  7:43  Medivac  
  122  7:47  Supply Depot  
  122  7:48  Marine  
  122  7:49  Siege Tank, Supply Depot  
  126  7:59  Command Center  
  70  8:12  Medivac  
  119  8:15  Marine  
  119  8:16  Marine x8, Widow Mine  
  119  8:17  Widow Mine  
  126  8:40  Marine x5  
  124  8:44  Marine x3  
  127  8:53  Widow Mine, Marauder  
  127  8:54  Widow Mine  
  133  8:58  Marine, Supply Depot x2  
  133  8:59  Supply Depot  
  134  9:06  Marine x3  
  134  9:07  Marine  
  138  9:12  Barracks  
  138  9:13  Barracks  
  138  9:14  Marauder  
  138  9:15  Barracks  
  140  9:23  Marine  
  140  9:24  Siege Tank, Widow Mine x2  
  144  9:25  Medivac x2  
  144  9:26  Drilling Claws  
  152  9:36  Marine x4, Marauder  
  156  9:52  Widow Mine  
  156  9:57  Marauder  
  160  10:04  Barracks Tech Lab x2  
  160  10:05  Barracks Tech Lab  
  154  10:07  Ghost Academy  
  154  10:10  Planetary Fortress  
  154  10:12  Missile Turret x2  
  146  10:19  Marauder  
  145  10:26  Siege Tank, Hellion x2  
  152  10:30  Marauder x2  
  152  10:31  Marauder  
  163  10:40  Marauder  
Tags
 
Add a new tag
Caveats
  • Supply blocks, unpowered buildings, or Contaminate may cause inaccurate times.
  • Supply counts are checked every 10 seconds.